 Dungeon Crawl Stone Soup version 0.25-a0-589-g1e14c549ee (webtiles) character file.

Game seed: 14652703261344461594, levelgen mode: deterministic

14 Esekla the Charlatan (level 2, -1/14 HPs)
             Began as a Spriggan Artificer on Mar 10, 2020.
             Slain by a worm (11 damage)
             ... on level 2 of the Dungeon.
             The game lasted 00:03:58 (1195 turns).

Esekla the Charlatan (Spriggan Artificer)           Turns: 1195, Time: 00:03:58

Health: -1/14      AC:  2    Str:  8    XL:     2   Next: 27%
Magic:  6/6        EV: 19    Int: 12    God:
Gold:   75         SH:  0    Dex: 16    Spells: 1/1 levels left

rFire    . . .     SeeInvis +   a - +0 short sword
rCold    . . .     Gourm    .   (shield restricted)
rNeg     . . .     Faith    .   b - +0 robe
rPois    .         Spirit   .   (helmet restricted)
rElec    .         Reflect  .   (no cloak)
rCorr    .         Harm     .   (gloves unavailable)
MR       .....                  (boots unavailable)
Stlth    ++........             (no amulet)
HPRegen  0.04/turn              (no ring)
MPRegen  0.10/turn              (no ring)

@: very quick
A: very small, unfitting armour, see invisible, herbivore, speed 3, slow
metabolism 2
a: no special abilities


You were on level 2 of the Dungeon.
You were not hungry.

You visited 1 branch of the dungeon, and saw 2 of its levels.

You collected 75 gold pieces.

Inventory:

Hand Weapons
 a - a +0 short sword (weapon)
Armour
 b - a +0 robe (worn)
 l - a +0 leather armour
Wands
 c - a wand of flame (15)
 d - a wand of enslavement (15)
 e - a wand of random effects (15)
Scrolls
 g - a scroll of blinking {unknown}
 h - a scroll of identify {unknown}
 j - 2 scrolls of immolation {unknown}
 k - a scroll of remove curse {unknown}
Potions
 i - a potion of haste {unknown}
Comestibles
 f - 6 rations


   Skills:
 - Level 0.7 Fighting
 * Level 1.7 Short Blades
 * Level 3.9 Dodging
 + Level 1.8 Stealth
 - Level 4.0 Evocations


You had one spell level left.
You didn't know any spells.
Your spell library was empty.

Dungeon Overview and Level Annotations

Branches:
Dungeon (2/15)

Altars:


Innate Abilities, Weirdness & Mutations

You are very small and have problems with some larger weapons.
You are too small for most types of armour.
You have supernaturally acute eyesight. (SInv)
You are a herbivore.
You cover ground extremely quickly.
You need to consume almost no food.


Message History

You puncture the worm!
The worm is moderately wounded.
The worm completely misses you.
You hit the worm.
The worm is heavily wounded.
The kobold shouts!
The kobold throws a stone.
The stone hits you.
You hit the worm.
The worm is severely wounded.
The kobold throws a stone.
The stone misses you. The quokka skeleton misses you.
The worm barely misses you.
You barely miss the worm.
The worm is severely wounded.
The quokka skeleton barely misses you.
You barely miss the worm.
The worm is severely wounded.
The kobold throws a stone.
The stone misses you. The quokka skeleton closely misses you.
The worm bites you!
Ouch! That really hurt!
You die...

... .. .. #.
..#. .... ... .
.#. ..##. #. ..
.(.. #... #. K.#
.....#.##..#
.......<...#.#.#
.......b@g......
........wZ.#...#
#........Z......
#.#..#(....Z...#
# #..#(....$...#
#. #..........
#. #........##
..........


You could see a worm, a quokka zombie, a worker ant zombie, a goblin, a bat, a
kobold and a quokka skeleton.

Vanquished Creatures
  A dart slug (D:1)
  A leopard gecko (D:1)
  A giant cockroach (D:1)
  A goblin (D:1)
  A hobgoblin (D:1)
  2 bats (D:1)
  A frilled lizard (D:1)
  2 kobolds (D:1)
  A rat (D:1)
11 creatures vanquished.

Notes
Turn   | Place    | Note
-------+----------+-------------------------------------------
     0 | D:1      | Esekla the Spriggan Artificer began the quest for the Orb.
     0 | D:1      | Reached XP level 1. HP: 9/9 MP: 4/4
   669 | D:1      | Reached XP level 2. HP: 14/14 MP: 6/6
  1195 | D:2      | Slain by a worm

Levels and vault maps discovered:
D:1:      shiori_arrival_elements, layout_loops_corners
D:2:      layout_basic, serial_undead, serial_undead_c, serial_undead_a,
          serial_undead_d, serial_undead_a, serial_undead_e, serial_undead_b,
          first_ration, elyvilon_altar_5

Action                   || total
-------------------------++-------
Melee: Short sword       ||    46
 Stab: Sleeping          ||     3
Armor: Robe              ||     2
Dodge: Dodged            ||    39

Table legend:
 A = Non-vault XP
 B = Vault XP
 C = Vault XP percentage of total XP
 D = Non-vault monster count
 E = Vault monster count
 F = Vault count percentage of total count
                 A         B        C        D         E       F
            +---------+---------+-------+---------+---------+-------
      Total |      20 |       0 |   0.0 |      11 |       0 |   0.0
            +---------+---------+-------+---------+---------+-------
        D:1 |      20 |       0 |   0.0 |      11 |       0 |   0.0
            +---------+---------+-------+---------+---------+-------
